 Dungeon Crawl Stone Soup version 0.31.0-11-ge490571c62 (webtiles) character file.

Game seed: 13116033616237136140

77 qw the Shooter (level 4, -1/25 HPs)
             Began as a Deep Elf Hunter on Feb 4, 2024.
             Slain by Menkaure (19 damage)
             ... on level 3 of the Dungeon.
             The game lasted 00:01:17 (2349 turns).

qw the Shooter (Deep Elf Hunter)                    Turns: 2349, Time: 00:01:18

Health: -1/25      AC:  7    Str: 10    XL:     4   Next: 13%
Magic:  6/6        EV: 16    Int: 14    God:
Gold:   136        SH:  0    Dex: 18    Spells: 3/3 levels left

rFire   . . .        a - +0 shortbow
rCold   . . .        (shield currently unavailable)
rNeg    . . .        i - +2 ring mail
rPois   +            (no helmet)
rElec   .            (no cloak)
rCorr   .            (no gloves)
SInv    .            (no boots)
Will    .....        (no amulet)
Stlth   +            g - +5 ring of evasion
HPRegen 0.24/turn    j - ring of poison resistance
MPRegen 0.10/turn

%: no passive effects
@: no status effects
A: no striking features
a: no special abilities


You were on level 3 of the Dungeon.
You visited 1 branch of the dungeon, and saw 4 of its levels.

You collected 136 gold pieces.


   Skills:
 - Level 1.5 Fighting
 + Level 7.5 Ranged Weapons
 - Level 2.4 Dodging
 - Level 1.2 Stealth


You had 3 spell levels left.
You didn't know any spells.
Your spell library was empty.

Inventory:

Hand Weapons
 a - a +0 shortbow (weapon)
Armour
 i - a +2 ring mail (worn)
Jewellery
 g - a +5 ring of evasion (left hand)
 j - a ring of poison resistance (right hand)
Scrolls
 e - 3 scrolls of teleportation
Potions
 b - a potion of heal wounds
 d - a potion of haste {unknown}
 f - a potion of enlightenment
 h - a potion of curing {unknown}

Dungeon Overview and Level Annotations

Branches:
Dungeon (4/15)
 Temple: D:4-7

Altars:

Annotations:
D:3 Menkaure


Message History

Done exploring.
2326 ||| READING scroll labelled ENUFURUDIA.
As you read the scroll labelled ENUFURUDIA, it crumbles to dust.
You feel momentarily disoriented.
It was a scroll of revelation.
Done exploring.
What level of the Dungeon? (default 3, ? - help)
There is a stone staircase leading down here.
You climb downwards.
Menkaure shouts!
The kobold shouts!
The goblin shouts!
You hear a bark!
There is a stone staircase leading up here.
There are monsters nearby!
Waypoint 3 assigned to D:4.
You shoot an arrow.
The arrow hits Menkaure but does no damage.
The goblin unwields a +0 dagger.
The goblin wields a +0 sling.
The goblin shoots a sling bullet.
The sling bullet closely misses you.
A goblin comes into view. It is wielding a +0 club.
You shoot an arrow. The arrow barely misses Menkaure.
The goblin shouts!
The goblin shoots a sling bullet.
The sling bullet closely misses you.
You shoot an arrow. The arrow hits Menkaure.
Menkaure is lightly damaged.
The goblin shoots a sling bullet.
The sling bullet closely misses you.
2345 ||| STAIRDANCE Menkaure gestures at you while chanting.
You barely resist.
You climb upwards.
There is a stone staircase leading down here.
You shoot an arrow.
The arrow hits Menkaure but does no damage.
Menkaure is lightly damaged.
Menkaure gestures wildly while chanting.
Menkaure seems to speed up.
You shoot an arrow. The arrow hits Menkaure.
Menkaure is lightly damaged.
Menkaure completely misses you.
You shoot an arrow. The arrow hits Menkaure.
Menkaure is moderately damaged.
Menkaure hits you! Menkaure hits you!!
Ouch! That really hurt!
You die...

#.########### ##.......#######
#...........# ##.#####.#######
#.#########.####.#####.#######
#.#.....))..........##.#######
####.#.#######.####.##.##.#######
.....#.........#.....#.##.#######
#############........#....#######
#############.##.#.............##
...............M@#.#[######.####
..........##).##.#.#.# #.#
#########.##..##.#.#.# #.#
#.##..#....#.# #.# #.##..##.###.#
#.# #.##.......:.# #.#
#.##.###.##### #.# #[##.# #.# #.#
#.##.# #.# #.#


You could see Menkaure (fast).

Vanquished Creatures
  3 gnolls (D:3)
  A dart slug (D:3)
  2 ribbon worms
  8 ball pythons
  2 endoplasms
  2 giant cockroaches (D:1)
  6 hobgoblins
  5 kobolds
  2 quokkas (D:1)
  4 bats
  2 frilled lizards
  A goblin (D:1)
  4 rats
42 creatures vanquished.

Notes
Turn   | Place    | Note
-------+----------+-------------------------------------------
     0 | D:1      | qw the Deep Elf Hunter began the quest for the Orb.
     0 | D:1      | Reached XP level 1. HP: 12/12 MP: 3/3
     0 | D:1      | 0 ||| qw: Version: 0.3-a-160-g6735b56
     0 | D:1      | 0 ||| qw: Game counter: 6027
     0 | D:1      | 0 ||| qw: Melee chars always use a shield: true
     0 | D:1      | 0 ||| qw: God list: Okawaru
     0 | D:1      | 0 ||| qw: Allow faded altars: false
     0 | D:1      | 0 ||| qw: Do Orc after clearing Dungeon:15 true
     0 | D:1      | 0 ||| qw: Do second Lair branch before Depths: true
     0 | D:1      | 0 ||| qw: Lair rune preference: random
     0 | D:1      | 0 ||| qw: Goals: Normal
     0 | D:1      | 0 ||| PLANNING D:1-11
   295 | D:1      | Reached skill level 6 in Ranged Weapons
   295 | D:1      | Reached XP level 2. HP: 16/16 MP: 4/4
   325 | D:1      | Found a faded altar of an unknown god.
   483 | D:1      | You fall into a shaft and drop 1 floor!
   485 | D:2      | 485 ||| READING 2 scrolls labelled PAMIOS XOETIU.
   485 | D:2      | 485 ||| IDENTIFYING ruby potion
   486 | D:2      | 486 ||| READING scroll of identify.
   486 | D:2      | 486 ||| IDENTIFYING scroll labelled ZIDOIXK ZYIMO
   487 | D:2      | 487 ||| READING scroll labelled WEGEAF XOZIU.
   488 | D:2      | 488 ||| DROPPING scroll of butterflies.
   489 | D:2      | 489 ||| DROPPING potion of attraction.
   490 | D:2      | 490 ||| DROPPING scroll of torment.
   561 | D:1      | 561 ||| READING scroll labelled QYILUASIRCH.
   688 | D:2      | Reached XP level 3. HP: 18/20 MP: 5/5
  1344 | D:2      | 1344 ||| UPGRADING to +0 ring mail.
  1354 | D:2      | 1354 ||| DROPPING +0 leather armour.
  1355 | D:2      | 1355 ||| UPGRADING to +5 ring of evasion.
  1356 | D:2      | 1356 ||| UPGRADING to ring of poison resistance.
  1357 | D:2      | 1357 ||| READING 2 scrolls labelled NAANUN TITENE.
  1357 | D:2      | 1357 ||| ENCHANTING +0 ring mail.
  1358 | D:2      | 1358 ||| READING scroll of enchant armour.
  1358 | D:2      | 1358 ||| ENCHANTING +1 ring mail.
  1359 | D:2      | 1359 ||| READING 4 scrolls labelled EMEPUY VANENUE.
  1362 | D:2      | 1362 ||| DRINKING 2 bubbling grey potions.
  1772 | D:3      | 1772 ||| RETREEEEATING.
  1776 | D:3      | Reached skill level 7 in Ranged Weapons
  1783 | D:3      | Reached XP level 4. HP: 20/25 MP: 6/6
  2024 | D:3      | Identified the +6 long sword of Prudence {elec, rF+ Str+4
                  | Int+2}
  2325 | D:3      | 2325 ||| READING scroll of identify.
  2325 | D:3      | 2325 ||| IDENTIFYING sedimented brown potion
  2326 | D:3      | 2326 ||| READING scroll labelled ENUFURUDIA.
  2341 | D:4      | Noticed Menkaure
  2345 | D:4      | 2345 ||| STAIRDANCE
  2349 | D:3      | Slain by Menkaure

Levels and vault maps discovered:
D:1:      evilmike_arrival_fibonacci_small, layout_basic,
          shapermc_ecumenical_altar_totnotflames, minmay_ruptured
D:2:      layout_loops_corners, lightli_corner_chamber
D:3:      layout_basic
D:4:      layout_loops_ring, vehumet_crystals, minitemple,
          minmay_temple_entry_stoned_glass, serial_shops,
          nicolae_inconvenience_store, minmay_fractal_squares_5, uniq_menkaure,
          uniq_ijyb

Skill      XL: |  1  2  3 |
---------------+----------+-----
Ranged Weapons | 6 7 |  7.5
Fighting       | |  1.5
Dodging        | |  2.4
Stealth        | |  1.2

Action                     |  1- 3 |  4- 6 || total
---------------------------+-------+-------++-------
   Fire: Shortbow          |   112 |    12 ||   124
    Use: Scroll            |     7 |     2 ||     9
         Potion            |     1 |       ||     1
 Armour: Leather armour    |    10 |       ||    10
         Ring mail         |    13 |     5 ||    18
  Dodge: Dodged            |    34 |     6 ||    40

Table legend:
 A = Non-vault XP
 B = Vault XP
 C = Vault XP percentage of total XP
 D = Non-vault monster count
 E = Vault monster count
 F = Vault count percentage of total count
                 A         B        C        D         E       F
            +---------+---------+-------+---------+---------+-------
      Total |     106 |       4 |   3.6 |      39 |       3 |   7.1
            +---------+---------+-------+---------+---------+-------
        D:1 |      32 |       4 |  11.1 |      20 |       3 |  13.0
        D:2 |      18 |       0 |   0.0 |      11 |       0 |   0.0
        D:3 |      56 |       0 |   0.0 |       8 |       0 |   0.0
            +---------+---------+-------+---------+---------+-------
